 Dungeon Crawl Stone Soup version 0.29-a0-791-ga0f254aafb (webtiles) character file.

Game seed: 12879568212545812881

36 Malachi the Trooper (level 3, 0/30 HPs)
             Began as a Demonspawn Brigand on July 3, 2022.
             Was a Follower of Uskayaw.
             Slain by an orc
             ... wielding a +0 whip
              (4 damage)
             ... on level 3 of the Dungeon.
             The game lasted 00:01:46 (1312 turns).

Malachi the Trooper (Demonspawn Brigand)            Turns: 1312, Time: 00:01:47

Health: 0/30       AC:  4    Str: 11    XL:     3   Next: 19%
Magic:  3/3        EV: 11    Int: 12    God:    Uskayaw [*.....]
Gold:   45         SH:  0    Dex: 16    Spells: 2/2 levels left

rFire   . . .      SeeInvis .   a - +2 dagger
rCold   . . .      Faith    .   (no shield)
rNeg    . . .      Spirit   .   b - +0 robe
rPois   .          Reflect  .   (helmet restricted)
rElec   .          Harm     .   c - +0 cloak
rCorr   .          Rampage  .   (no gloves)
Will    .....                   g - +0 pair of boots
Stlth   +++.......              (no amulet)
HPRegen 0.10/turn               (no ring)
MPRegen 0.08/turn               (no ring)

@: brilliant
A: antennae 2
a: Renounce Religion, Stomp


You were on level 3 of the Dungeon.
You worshipped Uskayaw.
Uskayaw was noncommittal.
You visited 1 branch of the dungeon, and saw 3 of its levels.

You collected 45 gold pieces.

Inventory:

Hand Weapons
 a - a +2 dagger (weapon)
Missiles
 d - 9 poisoned darts (quivered)
 e - 3 curare-tipped darts
Armour
 b - a +0 robe (worn)
 c - a +0 cloak (worn)
 g - a +0 pair of boots (worn)
Scrolls
 h - a scroll of poison {unknown}
 i - 2 scrolls of identify {unknown}
 j - a scroll of enchant armour {unknown}
Potions
 f - 2 potions of curing


   Skills:
 * Level 3.7 Fighting
 - Level 1.7 Short Blades
 - Level 1.7 Throwing
 - Level 0.8 Dodging
 - Level 3.6 Stealth


You had 2 spell levels left.
You didn't know any spells.
Your spell library contained the following spells:

 Spells                   Type           Power      Damage    Failure   Level
 Static Discharge         Conj/Air       0%         3-3/arc   45%         2
 Dispel Undead            Necr           0%         3d6       97%         4
 Sticky Flame             Conj/Fire      0%         2d3       97%         4
 Malign Gateway           Summ/Tloc      0%         N/A       100%        7
 Summon Horrible Things   Summ           0%         N/A       100%        8


Dungeon Overview and Level Annotations

Branches:
Dungeon (3/15)

Altars:
Uskayaw

Shops:
D:1 !

Annotations:
D:2 Sigmund


Innate Abilities, Weirdness & Mutations

You have a pair of antennae on your head.


Message History

You miss something. Something hits you.
* * * LOW HITPOINT WARNING * * *
You closely miss something.
The orc throws a boomerang.
The boomerang hits you but does no damage.
Something hits you.
* * * LOW HITPOINT WARNING * * *
You closely miss something.
You hear some strange, mumbled words.
You are confused.
You bump into the stone wall.
Something hits you.
* * * LOW HITPOINT WARNING * * *
It was a potion of curing.
You feel better.
You hear some strange, mumbled words.
Something tries to affect you, but you resist.
You can no longer pass through a line of other dancers.
It was a potion of brilliance.
You feel clever all of a sudden.
The orc throws a boomerang.
You hear some strange, mumbled words.
You are confused.
You bump into the stone wall.
Something hits you but does no damage.
You bump into the stone wall.
The orc throws a boomerang.
Reactivating autopickup.
You feel a bit more experienced.
You miss the orc. You punch the orc.
The orc is moderately wounded.
The orc hits you but does no damage.
You hit the orc.
The orc is heavily wounded.
The orc closely misses you.
You bump into the stone wall.
The orc hits you with a +0 whip.
* * * LOW HITPOINT WARNING * * *
You hit the orc.
The orc is almost dead.
The orc closely misses you.
You barely miss the orc.
The orc is almost dead.
You feel less confused. The orc hits you with a +0 whip.
You die...

..###.. .. ....... ...
...... .. .?... . #. ###
...##.. #.##@##.....####
#..##og........#
#...#o.P..####.#
#.....≈.....#[#
#########.....≈P.##.#.#
#..........⌠..P..##<#.###
#.#####.##..............#
#.......†...............#
#.##.##.###.#.##.##.#...#


You could see 2 orcs and a goblin.

Vanquished Creatures
  An adder (D:2)
  An orc (D:3)
  3 endoplasms
  2 goblins (D:1)
  2 quokkas
  2 ball pythons (D:1)
  A bat (D:3)
  3 frilled lizards (D:1)
  4 kobolds
  3 rats
22 creatures vanquished.

Vanquished Creatures (others)
  An orc wizard (D:3)
1 creature vanquished.

Grand Total: 23 creatures vanquished

Notes
Turn   | Place    | Note
-------+----------+-------------------------------------------
     0 | D:1      | Malachi the Demonspawn Brigand began the quest for the Orb.
     0 | D:1      | Reached XP level 1. HP: 16/16 MP: 1/1
   207 | D:1      | Found Vacvuy's Distillery.
   273 | D:1      | Found a faded altar of an unknown god.
   293 | D:1      | Prayed at the altar of an unknown god.
   293 | D:1      | Became a worshipper of Uskayaw the Reveller
   293 | D:1      | Reached * piety under Uskayaw
   422 | D:1      | Discovered your monstrous ancestry.
   422 | D:1      | Gained mutation: You have a pair of small antennae on your
                  | head. [demonic ancestry]
   422 | D:1      | Reached XP level 2. HP: 23/23 MP: 2/2
   780 | D:1      | Reached ** piety under Uskayaw
  1149 | D:2      | Noticed Sigmund
  1285 | D:3      | Gained mutation: You have a pair of antennae on your head.
                  | [demonic ancestry]
  1285 | D:3      | Reached XP level 3. HP: 29/29 MP: 3/3
  1312 | D:3      | Slain by an orc

Illustrated notes

Levels and vault maps discovered:
D:1:      minmay_arrival_cross, layout_basic, ebering_ecumenical_altar_webs,
          serial_shops, shop, minivault_4, due_unseen_surprise
D:2:      layout_rooms, minmay_hexomino_u4, uniq_sigmund
D:3:      layout_loops_cross, tso_oasis_becter, serial_shops, shop,
          uniq_crazy_yiuf_cottage

Skill      XL: |  1  2 |
---------------+-------+-----
Fighting       | 3 |  3.7
Short Blades   | |  1.7
Throwing       | |  1.7
Dodging        | |  0.8
Stealth        | |  3.6

Action                   || total
-------------------------++-------
Melee: Dagger            ||    77
       Punch             ||     1
  Use: Scroll            ||     1
       Potion            ||     2
 Stab: Sleeping          ||     5
Armor: Robe              ||    24
Dodge: Dodged            ||    37

Table legend: (Time is in decaauts)
 A = Elapsed time spent in this place.
 B = Non-inter-level travel time spent in this place.
 C = Inter-level travel time spent in this place.
 D = Time resting spent in this place.
 E = Time spent auto-exploring this place.
 F = Levels seen in this place.
 G = Mean time per level.
                   A        B        C        D        E       F      G
               +--------+--------+--------+--------+--------+-----+--------+
         Total |   1305 |   1280 |     25 |      0 |   1054 |   3 |  435.0 |
       Dungeon |   1305 |   1280 |     25 |      0 |   1054 |   3 |  435.0 |
               +--------+--------+--------+--------+--------+-----+--------+

Top non-repeatable levels by time:
     D:1: 1012 daAuts
     D:2: 156 daAuts
     D:3: 137 daAuts
